 Dungeon Sprint DCSS version 0.26-a0-244-g083ca260ac (webtiles) character file.

Game seed: 1655192338246978486

55 MordorOrchid the Chiller (level 3, -2/36 HPs)
             Began as a Troll Ice Elementalist on July 8, 2020.
             Slain by a phantom (6 damage)
             ... in the Dungeon (Sprint IX: "|||||||||||||||||||||||||||||").
             The game lasted 00:00:54 (57 turns).

MordorOrchid the Chiller (Troll Ice Elementalist)     Turns: 57, Time: 00:00:54

Health: -2/36      AC:  6    Str: 16    XL:     3   Next: 67%
Magic:  2/5        EV: 10    Int: 12    God:
Gold:   0          SH:  0    Dex: 10    Spells: 5/6 levels left

rFire    . . .     SeeInvis .   b - +0 club
rCold    . . .     Faith    .   (no shield)
rNeg     . . .     Spirit   .   a - +0 robe
rPois    .         Reflect  .   (helmet restricted)
rElec    .         Harm     .   (no cloak)
rCorr    .         NoTele   +   (gloves unavailable)
MR       .....                  (boots unavailable)
Stlth    +.........             (no amulet)
HPRegen  0.52/turn              (no ring)
MPRegen  0.09/turn              (no ring)

@: lethally poisoned (-2 -> -3), berserk cooldown, hasted and slowed
A: large, unfitting armour, claws 3, fast metabolism 1, regeneration 1, shaggy
fur 1, tough skin 3
a: no special abilities


You were in the Dungeon.
You were not hungry.

You visited 1 branch

Inventory:

Hand Weapons
 b - a +0 club (weapon)
Missiles
 j - 3 stones (quivered)
Armour
 a - a +0 robe (worn)
Scrolls
 i - a scroll of blinking
Potions
 d - a potion of curing
 e - a potion of heal wounds
 g - 2 potions of magic
Comestibles
 c - 2 rations


   Skills:
 * Level 2.8 Fighting
 * Level 3.1 Dodging
 - Level 1.0 Stealth
 * Level 2.0 Spellcasting
 + Level 4.6 Ice Magic


You had 5 spell levels left.
You knew the following spells:

 Your Spells              Type           Power        Failure   Level
a - Freeze                Ice            ##..         4%          1

Your spell library contained the following spells:

 Spells                   Type           Power        Failure   Level
 Frozen Ramparts          Ice            ##....       12%         3
 Ozocubu's Armour         Chrm/Ice       #.......     32%         3
 Hailstorm                Conj/Ice       #.......     71%         4
 Summon Ice Beast         Ice/Summ       #.......     71%         4


Dungeon Overview and Level Annotations

Branches:
Dungeon (1/1)

Altars:


Innate Abilities, Weirdness & Mutations

You are too large for most types of armour.
You have claws for hands.
You have a fast metabolism.
Your natural rate of healing is unusually fast.
You are covered in fur. (AC +1)
You have extremely tough skin. (AC +3)


Message History

The bat zombie hits you but does no damage.
You hit the bat zombie.
You destroy the bat zombie!
Your Spellcasting skill increases to level 2!
You feel sick.
Unknown command.
You hit the quokka zombie but do no damage.
Your extra speed is starting to run out.
You feel sick.
The quokka zombie bites you but does no damage. x2
You hit the quokka zombie but do no damage.
You feel sick.
The quokka zombie bites you but does no damage.
You hit the quokka zombie.
The quokka zombie is severely damaged.
You feel sick. The quokka zombie closely misses you.
You closely miss the quokka zombie.
The quokka zombie is severely damaged.
You feel sick. The quokka zombie barely misses you. The phantom hits you.
You die... ▓▓▓▓▓▓▓▓▓▓▓▓▓▓▓▓▓▓ +....Z@W...)†...<▓ ▓▓▓▓▓▓▓▓▓▓▓▓▓▓▓▓▓▓

You could see a phantom and a quokka zombie.

Vanquished Creatures
  A scorpion (D)
  A bat zombie (D)
  A goblin (D)
  2 hobgoblins (D)
  A quokka (D)
  A frilled lizard (D)
  A kobold (D)
8 creatures vanquished.

Notes
Turn   | Place    | Note
-------+----------+-------------------------------------------
     0 | D        | MordorOrchid the Troll Ice Elementalist began the quest for
                  | the Orb.
     0 | D        | Reached XP level 1. HP: 16/16 MP: 1/1
     7 | D        | Reached skill level 1 in Fighting
    30 | D        | Noticed a phantom
    30 | D        | Noticed a scorpion
    43 | D        | Reached skill level 3 in Ice Magic
    47 | D        | Killed a scorpion
    47 | D        | Reached skill level 4 in Ice Magic
    47 | D        | Reached XP level 2. HP: 16/29 MP: 1/3
    47 | D        | Reached XP level 3. HP: 21/36 MP: 1/4
    57 | D        | Slain by a phantom

Illustrated notes

Levels and vault maps discovered:
D:        linesprint [early_d, line_temple, items_1, d_10, items_2, lair_1,
          lair_end, items_3, orc_1, orc_end, items_4, d_15, swamp_1, shoals_1,
          snake_1, spider_1, d_20, vaults_1, items_5, swamp_end, shoals_end,
          snake_end, spider_end, vaults_end, d_27, items_6, zot_1, zot_end,
          crypt_end, forest_end, elf_end, slime_end, tomb_end, abyss_end,
          pan_hell_end]

Skill      XL: |  1  2  3 |
---------------+----------+-----
Fighting       | 2 |  2.8
Dodging        | 3 |  3.1
Ice Magic      | 4 |  4.6
Spellcasting   | 2 |  2.0
Stealth        | |  1.0

Action                   || total
-------------------------++-------
Melee: Club              ||    25
       Unarmed           ||    10
 Cast: Freeze            ||     1
  Use: Potion            ||     2
 Stab: Sleeping          ||     1
Armor: Robe              ||    16
Dodge: Dodged            ||    24

Table legend:
 A = Non-vault XP
 B = Vault XP
 C = Vault XP percentage of total XP
 D = Non-vault monster count
 E = Vault monster count
 F = Vault count percentage of total count
                 A         B        C        D         E       F
            +---------+---------+-------+---------+---------+-------
      Total |       0 |      79 | 100.0 |       0 |       8 | 100.0
            +---------+---------+-------+---------+---------+-------
          D |       0 |      79 | 100.0 |       0 |       8 | 100.0
            +---------+---------+-------+---------+---------+-------
